Map: 光影交错-天梯版

Players

TIME (Oliveira) - Winner!

  • Race: Terran Terran
  • League: Grandmaster

wanted

  • Race: Zerg Zerg

Event: DreamHack SC2 Masters 2021 Fall

VOD

Have the link to the VOD?

Description

Time

  • Played on: Aug. 4, 2021, 7:49 a.m.
  • Length: 15:38

All games in this series

Show
View Real Time Build Order
Export as new Build Order

TIME Terran - Winner!

Build Orders: Liberator Opening, Reaper Expand 

Get SALT Encoding   

  12  0:00  SCV  
  13  0:13  SCV  
  14  0:17  Supply Depot  
  14  0:25  SCV  
  15  0:38  SCV  
  15  0:40  Barracks  
  16  0:44  Refinery  
  16  0:51  SCV  
  17  1:03  SCV  
  18  1:15  SCV  
  19  1:27  Reaper, Orbital Command  
  20  1:39  Command Center  
  20  1:50  Supply Depot  
  20  1:53  SCV  
  21  1:59  Marine  
  22  2:05  SCV  
  23  2:14  Refinery  
  23  2:15  Factory  
  23  2:17  SCV  
  23  2:21  Barracks Reactor  
  25  2:30  SCV  
  25  2:42  SCV  
  26  2:52  Orbital Command  
  26  2:54  SCV  
  27  3:01  Starport  
  29  3:06  Barracks Tech Lab, Hellion x2  
  29  3:08  SCV  
  32  3:18  SCV  
  33  3:20  SCV  
  33  3:22  Supply Depot  
  37  3:27  Hellion x2, Marauder  
  37  3:30  SCV  
  37  3:32  SCV  
  43  3:41  Bunker  
  43  3:42  Liberator  
  43  3:45  SCV x2  
  46  3:52  Supply Depot  
  46  3:54  Siege Tank  
  49  3:56  Marine  
  49  3:57  Marine  
  45  4:14  Marine, SCV  
  42  4:23  Orbital Command  
  41  4:26  SCV  
  41  4:27  Siege Tank  
  41  4:29  Bunker  
  45  4:31  Viking  
  46  4:41  SCV  
  46  4:43  Supply Depot  
  46  4:56  Supply Depot  
  46  4:57  Supply Depot  
  45  5:04  Siege Tank  
  45  5:12  Barracks Reactor  
  45  5:13  SCV x2  
  46  5:21  Orbital Command  
  46  5:23  Medivac  
  46  5:27  SCV, Supply Depot  
  47  5:37  Bunker  
  47  5:39  SCV  
  48  5:46  SCV  
  49  5:50  Command Center  
  49  5:51  SCV  
  47  6:03  SCV  
  46  6:04  Marine x2, Siege Tank  
  46  6:08  SCV  
  52  6:13  Supply Depot  
  52  6:15  SCV  
  52  6:17  Starport Tech Lab  
  53  6:20  SCV  
  53  6:22  Marine, Barracks x2  
  55  6:28  SCV  
  55  6:32  SCV  
  56  6:36  Raven  
  58  6:40  SCV  
  58  6:44  SCV  
  59  6:51  Marine, Stimpack  
  59  6:52  SCV  
  61  6:56  Refinery, SCV, Engineering Bay  
  61  6:57  Refinery, Engineering Bay  
  62  7:02  Orbital Command  
  62  7:04  SCV  
  62  7:08  SCV  
  64  7:11  Barracks Reactor  
  64  7:16  SCV  
  64  7:19  Marine  
  64  7:20  SCV  
  64  7:21  Marine x2  
  69  7:24  Terran Infantry Weapons Level 1  
  69  7:28  SCV x2  
  71  7:31  Starport Reactor  
  71  7:32  SCV  
  72  7:37  Marine  
  72  7:39  Marine x2  
  72  7:40  SCV  
  72  7:41  Siege Tank  
  79  7:48  Marine  
  80  7:51  Supply Depot  
  80  7:52  Barracks  
  80  7:53  SCV, Barracks  
  80  7:55  Marine  
  80  7:56  Supply Depot  
  80  7:58  Marine, Supply Depot  
  83  8:01  Marine  
  83  8:05  Orbital Command  
  84  8:06  SCV  
  85  8:13  Marine x2, Supply Depot, SCV  
  85  8:15  Supply Depot  
  85  8:16  Siege Tank  
  85  8:17  Marine x2  
  85  8:19  SCV  
  94  8:23  Marine  
  94  8:26  Terran Infantry Armor Level 1, SCV  
  96  8:30  Medivac x2  
  96  8:31  Marine  
  96  8:32  SCV x2  
  103  8:35  Marine  
  103  8:36  Marine, Combat Shield  
  103  8:39  Missile Turret  
  103  8:40  Missile Turret  
  105  8:43  Barracks Reactor  
  105  8:44  Barracks Reactor  
  105  8:45  Marine  
  105  8:46  SCV x2  
  105  8:47  Marine  
  109  8:50  Siege Tank  
  109  8:52  SCV  
  113  8:55  Missile Turret  
  113  8:56  Supply Depot  
  113  8:57  Marine  
  113  8:58  SCV  
  113  9:01  Medivac  
  117  9:07  Marine  
  117  9:08  SCV  
  117  9:09  SCV  
  120  9:10  Marine, SCV  
  120  9:15  Marine x2  
  124  9:18  Supply Depot, Medivac  
  124  9:20  SCV  
  124  9:21  Marine, Supply Depot  
  124  9:22  Armory  
  124  9:23  SCV x2  
  130  9:24  Marine  
  130  9:25  Marine, Refinery  
  130  9:26  Refinery  
  130  9:28  Marine  
  133  9:37  Command Center  
  133  9:39  Marine x3  
  133  9:44  Marine x2  
  134  9:46  Marine x2  
  134  9:51  SCV  
  136  9:53  Marine x2  
  136  9:56  SCV x2  
  136  9:57  Marine x2  
  141  10:03  Supply Depot  
  141  10:04  Supply Depot  
  141  10:05  Marine  
  141  10:06  Marine x2  
  143  10:08  Marine  
  143  10:09  Marine, SCV  
  143  10:10  SCV  
  143  10:12  Refinery  
  143  10:13  Terran Infantry Weapons Level 2  
  147  10:20  Sensor Tower, SCV  
  148  10:22  Terran Infantry Armor Level 2  
  148  10:24  Marine  
  148  10:25  Siege Tank  
  152  10:29  Marine  
  152  10:30  Marine x3  
  156  10:39  Marine  
  156  10:40  Marine, SCV  
  156  10:41  SCV  
  156  10:42  Marine x2, SCV  
  132  10:47  Marine x2  
  120  10:52  Marine x3  
  120  10:54  SCV  
  120  10:56  SCV  
  122  11:00  Siege Tank  
  124  11:04  Marine x2, Terran Vehicle Weapons Level 1  
  124  11:06  SCV  
  124  11:08  Marine, SCV  
  129  11:12  Marine x2  
  129  11:14  SCV  
  129  11:17  Marine x2  
  129  11:18  SCV  
  135  11:21  SCV  
  135  11:22  Marine x2  
  135  11:25  Sensor Tower  
  138  11:27  Marine  
  138  11:29  Marine, Factory  
  138  11:32  SCV x2  
  142  11:35  Siege Tank  
  142  11:38  SCV  
  146  11:42  Marine x2  
  146  11:43  Marine x3  
  146  11:45  SCV  
  152  11:47  Marine x2  
  152  11:48  Supply Depot, SCV  
  152  11:50  SCV  
  152  11:51  Marine  
  152  11:52  Marine  
  158  11:56  Planetary Fortress  
  158  12:00  Marine  
  158  12:01  Marine  
  160  12:03  Marine  
  160  12:06  Marine  
  160  12:07  SCV  
  163  12:11  Marine, SCV x2  
  163  12:12  Marine  
  163  12:15  Siege Tank, Factory Tech Lab  
  164  12:16  Liberator  
  164  12:20  Marine, SCV  
  164  12:23  SCV x2  
  164  12:29  Refinery  
  165  12:32  SCV  
  165  12:33  Marine x2  
  165  12:35  Marine x2, SCV, Siege Tank  
  174  12:42  Terran Infantry Weapons Level 3  
  174  12:47  Supply Depot, Siege Tank  
  177  12:55  Terran Infantry Armor Level 3  
  176  12:59  Marine x2  
  176  13:00  Marine x3  
  176  13:02  Marine, SCV  
  176  13:05  Marine  
  183  13:06  Marine x2  
  185  13:17  Marine, Command Center  
  185  13:18  Siege Tank  
  189  13:22  Marine  
  189  13:25  Siege Tank  
  193  13:28  Marine  
  184  13:37  Marine x2  
  184  13:38  Marine x2  
  175  13:43  Marine x2  
  175  13:44  Liberator x2  
  178  13:49  Barracks  
  178  13:50  Barracks  
  178  13:53  Barracks  
  178  13:55  Marine x2  
  178  13:57  Siege Tank  
  183  14:02  Marine x2  
  183  14:03  Siege Tank  
  183  14:04  Marine x2  
  179  14:11  Marine  
  179  14:14  Marine x2  
  179  14:15  Marine  
  179  14:16  Marine  
  184  14:20  Marine  
  180  14:26  Marine x2  
  180  14:30  Marine x2  
  175  14:34  Command Center  
  175  14:43  Barracks Tech Lab  
  175  14:44  Marine  
  153  14:45  Marine, Siege Tank x2  
  153  14:46  Marine x2, Barracks Tech Lab x2  
  153  14:47  Marine  
  153  14:51  Marine x2  
  149  14:53  Medivac x2  
  149  14:59  Marine x2  
  138  15:02  Marine x2  
  138  15:06  Marine  
  136  15:15  Marine x2  
  136  15:17  Marine x3  
Show
View Real Time Build Order
Export as new Build Order

wanted Zerg 

Build Orders: Hatch First, Lurkers 

Get SALT Encoding   

  12  0:00  Drone  
  13  0:07  Drone  
  14  0:17  Overlord  
  14  0:23  Extractor  
  14  0:24  Drone  
  15  0:36  Drone  
  16  0:48  Hatchery  
  16  0:50  Drone  
  16  0:56  Drone  
  17  1:02  Drone  
  18  1:13  Extractor  
  18  1:16  Spawning Pool  
  16  1:19  Drone  
  16  1:20  Drone  
  18  1:26  Drone  
  19  1:38  Drone  
  20  1:49  Hatchery  
  19  2:02  Queen  
  19  2:04  Zergling x4  
  19  2:08  Zergling x2  
  24  2:17  Drone x2  
  26  2:28  Metabolic Boost  
  26  2:39  Roach Warren  
  25  2:47  Overlord  
  25  2:48  Overlord  
  25  3:00  Zergling x2  
  25  3:01  Zergling x2  
  25  3:03  Queen  
  29  3:17  Drone  
  30  3:26  Roach x2  
  30  3:27  Roach  
  36  3:28  Zergling x6  
  39  3:34  Zergling x4  
  39  3:39  Roach  
  43  3:47  Ravager  
  43  3:48  Ravager  
  45  3:52  Overlord  
  45  4:01  Zergling x2  
  44  4:07  Zergling x2  
  44  4:08  Zergling x10  
  47  4:13  Zergling x4  
  47  4:16  Zergling x2  
  46  4:20  Ravager  
  47  4:26  Drone x3  
  50  4:32  Drone x2  
  52  4:40  Drone x3  
  55  4:45  Drone x2  
  55  4:50  Drone x2  
  57  4:55  Overlord  
  53  5:00  Drone x2  
  53  5:04  Ravager  
  55  5:09  Overlord  
  55  5:10  Drone x2  
  55  5:12  Drone  
  55  5:21  Overlord  
  55  5:22  Drone x2  
  57  5:36  Hatchery  
  57  5:42  Overlord  
  56  5:45  Queen, Lair  
  56  5:49  Drone x3  
  61  5:55  Drone x3  
  59  6:00  Drone x3  
  58  6:10  Extractor  
  57  6:14  Extractor, Roach x5  
  57  6:17  Spore Crawler  
  65  6:21  Extractor, Roach  
  65  6:24  Queen  
  68  6:32  Overlord  
  68  6:35  Drone x5  
  73  6:42  Spore Crawler  
  72  6:47  Drone x2  
  72  6:48  Drone x3, Evolution Chamber  
  72  6:49  Evolution Chamber  
  75  6:55  Glial Reconstitution  
  75  7:02  Overlord  
  75  7:03  Overseer  
  75  7:07  Drone x6  
  81  7:12  Spore Crawler  
  80  7:16  Zerg Missile Weapons Level 1  
  80  7:19  Zerg Ground Armor Level 1  
  80  7:22  Drone x3  
  83  7:28  Overlord  
  83  7:29  Drone x2  
  85  7:30  Drone x2  
  87  7:38  Overlord x3  
  87  7:40  Overseer  
  87  7:44  Drone x4  
  91  7:47  Extractor x2  
  91  7:49  Overlord x2  
  89  7:53  Overlord  
  89  8:01  Roach x5  
  99  8:12  Overlord x3  
  99  8:15  Roach x3  
  99  8:16  Roach  
  107  8:22  Overseer  
  107  8:23  Roach x4  
  107  8:24  Ravager x2  
  117  8:28  Overseer  
  117  8:30  Roach x2  
  121  8:38  Roach x5  
  131  8:45  Roach x4  
  131  8:47  Ravager x3  
  142  8:51  Roach x3  
  148  8:56  Overlord x2  
  148  8:59  Overseer  
  148  9:05  Overlord  
  148  9:06  Roach x2  
  152  9:16  Roach x8  
  168  9:21  Overlord x2  
  168  9:31  Overlord x3  
  168  9:38  Ravager x2  
  170  9:40  Overlord  
  166  9:51  Roach  
  166  9:52  Roach x7  
  182  9:53  Ravager  
  182  9:54  Ravager x4  
  182  9:55  Hatchery  
  182  9:57  Ravager  
  187  10:01  Ravager  
  187  10:02  Zergling x10  
  191  10:17  Roach x4  
  195  10:27  Roach x4  
  199  10:29  Ravager, Zerg Missile Weapons Level 2  
  199  10:36  Extractor  
  199  10:40  Extractor, Roach x6  
  169  10:46  Roach x6  
  166  10:54  Roach x2, Pneumatized Carapace  
  165  11:00  Drone x4, Infestation Pit  
  168  11:10  Overlord  
  168  11:16  Zerg Ground Armor Level 2  
  168  11:20  Zergling x6, Roach x5  
  181  11:32  Queen  
  183  11:35  Drone x2  
  183  11:36  Drone  
  183  11:37  Hydralisk Den  
  185  11:41  Spore Crawler  
  184  11:50  Drone x15  
  187  12:22  Hatchery  
  178  12:25  Hatchery  
  178  12:27  Hive  
  178  12:28  Grooved Spines  
  178  12:29  Spore Crawler  
  174  12:30  Hydralisk x3  
  174  12:31  Lurker Den  
  179  12:42  Burrow  
  179  12:43  Tunneling Claws  
  179  12:47  Ravager  
  180  12:55  Hydralisk x5  
  190  12:59  Overseer  
  190  13:07  Drone x9  
  199  13:26  Spore Crawler  
  198  13:28  Extractor x2  
  185  13:39  Viper x3, Muscular Augments  
  185  13:41  Roach x8  
  172  13:46  Roach x2  
  170  13:49  Ravager, Lurker x2  
  170  13:50  Lurker  
  170  13:55  Roach x3  
  180  14:00  Roach x3  
  184  14:12  Roach x7  
  184  14:16  Lurker x2  
  200  14:17  Seismic Spines  
  198  14:27  Hydralisk x3  
  200  14:45  Hydralisk x7  
  163  14:50  Roach x3  
  147  14:55  Roach  
  147  14:56  Roach x2  
  124  15:03  Roach x2  
  116  15:17  Roach x3  
  116  15:19  Roach  

Tags
 
Add a new tag
Caveats
  • Supply blocks, unpowered buildings, or Contaminate may cause inaccurate times.
  • Supply counts are checked every 10 seconds.